Map: Goldenaura LE

Players

nurse - Winner!

  • Race: Terran Terran
  • League: Platinum
  • Spawn Location: 12:00

SubN

  • Race: Zerg Zerg
  • League: Diamond
  • Spawn Location: 5:00

VOD

Have the link to the VOD?

Description

Time

  • Played on: Dec. 19, 2023, 12:23 p.m.
  • Length: 7:25
Show
View Real Time Build Order
Export as new Build Order

nurse Terran - Winner!

Build Orders:  

Get SALT Encoding   

  12  0:01  SCV  
  13  0:13  SCV  
  14  0:25  Supply Depot, SCV  
  15  0:46  SCV  
  15  0:49  Barracks  
  16  0:58  Supply Depot, SCV  
  16  1:00  Refinery  
  17  1:10  SCV  
  18  1:16  Barracks  
  18  1:23  SCV  
  19  1:35  SCV  
  20  1:47  Reaper  
  20  1:49  Orbital Command  
  21  2:15  Barracks Reactor  
  21  2:19  Command Center, Barracks Tech Lab  
  21  2:23  SCV  
  21  2:27  Refinery  
  22  2:35  SCV  
  23  2:37  Bunker  
  23  2:40  Marine  
  24  2:47  SCV  
  25  2:54  Marine  
  25  2:55  Marine  
  25  2:58  Marine  
  28  2:59  Factory  
  28  3:01  SCV  
  29  3:13  Supply Depot, SCV  
  30  3:20  Stimpack  
  30  3:21  Marine  
  31  3:30  Marine x2  
  31  3:31  SCV  
  34  3:36  Supply Depot  
  34  3:40  Supply Depot  
  34  3:43  Orbital Command  
  34  3:48  SCV  
  35  3:51  Factory Tech Lab  
  35  4:00  Marine  
  35  4:01  Marine x2  
  38  4:10  Starport  
  38  4:16  Siege Tank  
  41  4:18  Marine  
  41  4:20  SCV  
  41  4:21  SCV  
  44  4:30  Supply Depot  
  44  4:33  Marine, SCV  
  44  4:34  Marine  
  44  4:38  SCV  
  48  4:45  SCV  
  49  4:49  Starport Reactor  
  49  4:51  Siege Tank  
  49  4:52  Supply Depot, Marine  
  53  4:54  Marine  
  53  4:55  Marine  
  55  5:08  SCV x2  
  55  5:10  Marine  
  55  5:11  Refinery  
  58  5:20  SCV  
  59  5:22  SCV  
  59  5:23  Siege Tank  
  62  5:32  SCV  
  62  5:33  Medivac  
  62  5:34  SCV  
  66  5:36  Medivac  
  66  5:37  Marine x2  
  66  5:38  Marine  
  71  5:44  SCV  
  71  5:46  SCV  
  73  5:54  Combat Shield  
  73  5:55  Marine x3  
  73  5:56  SCV, Widow Mine  
  79  5:58  SCV  
  79  6:03  Supply Depot  
  80  6:04  Medivac  
  80  6:09  SCV  
  80  6:10  SCV  
  84  6:13  Marine  
  85  6:21  Marine  
  85  6:23  Hellion, Marine  
  85  6:24  Supply Depot  
  89  6:29  Engineering Bay  
  89  6:31  Marine  
  90  6:33  Command Center  
Show
View Real Time Build Order
Export as new Build Order

SubN Zerg 

Build Orders: Hatch First 

Get SALT Encoding   

  12  0:00  Drone  
  13  0:12  Overlord  
  13  0:16  Drone  
  14  0:30  Drone x2  
  16  0:50  Hatchery  
  16  0:55  Drone x2  
  17  0:58  Drone  
  17  1:02  Extractor  
  17  1:17  Spawning Pool  
  16  1:20  Drone  
  16  1:21  Drone  
  18  1:27  Drone  
  19  1:39  Drone  
  20  1:54  Overlord  
  20  2:05  Queen x2  
  24  2:10  Metabolic Boost  
  24  2:15  Drone x2  
  24  2:21  Zergling x4  
  28  2:29  Drone x2  
  30  2:51  Hatchery  
  29  3:00  Queen x2  
  33  3:11  Baneling Nest  
  32  3:16  Drone x4  
  32  3:17  Overlord  
  36  3:21  Overlord  
  36  3:44  Drone x6  
  42  3:56  Drone x2  
  42  3:57  Evolution Chamber  
  42  3:58  Evolution Chamber  
  42  4:03  Drone x5, Extractor  
  46  4:11  Queen  
  48  4:37  Lair  
  48  4:47  Drone x2  
  48  4:48  Overlord, Spore Crawler  
  48  4:50  Overlord  
  48  4:51  Overlord  
  49  5:06  Queen x2  
  53  5:18  Drone x14  
  67  5:27  Drone x2  
  69  5:30  Extractor  
  69  5:31  Zerg Melee Weapons Level 1, Zerg Missile Weapons Level 1  
  69  5:32  Extractor  
  69  5:33  Drone  
  68  5:42  Drone x6  
  74  5:50  Drone, Hydralisk Den  
  74  5:55  Overlord x2  
  74  5:59  Overlord  
  74  6:00  Overlord  
  74  6:13  Queen  
  76  6:20  Infestation Pit  
  76  6:23  Zergling x2  
  76  6:24  Zergling x22  
  87  6:32  Spore Crawler  
  86  6:35  Zergling x4  
  88  6:41  Baneling x2  
  88  6:42  Baneling x2  
  88  6:43  Zergling x8  
  88  6:45  Baneling  
  88  6:46  Baneling x12  
  92  6:51  Overlord x3  
  92  6:56  Hydralisk  
Tags
 
Add a new tag
Caveats
  • Supply blocks, unpowered buildings, or Contaminate may cause inaccurate times.
  • Supply counts are checked every 10 seconds.